cohdb
Replays
Latest Replays
All Replays
Popular Replays
Top Player Replays
Match Explorer
How It Works
Community
CoH3 Stats
Reddit
Sign in to upload your games and track your stats! →
Sign in with Steam
Match 42570943
Unlisted
Match 42570943
Overview
Messages
Build Orders
End
Panzergrenadier Squad
Panzergrenadier Squad
250 Light Carrier
Construct Light Support Kompanie
Kradschützen Motorcycle Team
Fire Support Elements
MG34 Team
MG34 Team
2.5-tonne Medical Truck
Construct Panzerarmee Kommand
Armored Reserves
Walking Stuka Rocket Launcher
MG34 Team
MG34 Team
Assault Grenadier Squad
Brother
Dennis
0
0
Comments
sign in to comment!
No comments posted yet!